 Dungeon Crawl Stone Soup version 0.19-a0-1908-g43c011f (webtiles) character file.

61 Goblin1989 the Insei (level 3, -2/26 HPs)
             Began as a Demonspawn Transmuter on Oct 23, 2016.
             Slain by a river rat (8 damage)
             ... on level 3 of the Dungeon.
             The game lasted 00:04:21 (1856 turns).

Goblin1989 the Insei (Demonspawn Transmuter)        Turns: 1856, Time: 00:04:22

Health: -2/26      AC:  4    Str: 11    XL:     3   Next: 83%
Magic:  6/6        EV: 17    Int: 19    God:
Gold:   53         SH:  0    Dex: 18    Spells: 1 memorised, 5 levels left

rFire  . . .     SeeInvis .       - Unarmed
rCold  . . .     Gourm    .     b - +0 robe
rNeg   . . .     Faith    .     (no shield)
rPois  .         Spirit   .     (no helmet)
rElec  .         Reflect  .     (no cloak)
rCorr  .         Harm     .     (no gloves)
MR     .....                    (no boots)
Stlth  +++.......               (no amulet)
                                (no ring)
                                (no ring)

@: brilliant, agile, appendage (expiring), very slightly contaminated
A: horns 2, slimy green scales 1, powered by pain 1
a: End Transformation


You were on level 3 of the Dungeon.
You were not hungry.
You had grown temporary horns.
You visited 1 branch of the dungeon, and saw 3 of its levels.

You collected 53 gold pieces.

Inventory:

Missiles
 a - 12 arrows
Armour
 b - a +0 robe (worn)
Jewellery
 l - an uncursed ring of wizardry {unknown}
Scrolls
 g - 3 scrolls of identify {unknown}
 h - a scroll of amnesia {unknown}
 i - a scroll of magic mapping {unknown}
 k - a scroll of teleportation {unknown}
Potions
 j - a potion of ambrosia {unknown}
Books
 c - a book of Changes

   Spells                             Type                      Level
   a - Beastly Appendage              Transmutation                1
   b - Sticks to Snakes               Transmutation                2
   c - Spider Form                    Transmutation/Poison         3
   d - Ice Form                       Ice/Transmutation            4
   e - Blade Hands                    Transmutation                5
Comestibles
 d - 2 bread rations {@e1}
 m - a chunk of flesh {@w0}


   Skills:
 - Level 1.0 Fighting
 - Level 1.7 Dodging
 + Level 4.3 Unarmed Combat
 - Level 2.0 Spellcasting
 - Level 1.7 Transmutations


You had 5 spell levels left.
You knew the following spells:

 Your Spells              Type           Power        Failure   Level  Hunger
a - Beastly Appendage     Tmut           ###...       1%          1    #......


Dungeon Overview and Level Annotations

Branches:
Dungeon (3/15)

Altars:
Ashenzari

Portals:
Sewer: D:3

Annotations:
D:2 Sigmund


Innate Abilities, Weirdness & Mutations

You are partially covered in slimy green scales. (AC +2)
You sometimes gain a little power by taking damage.
You have a pair of horns on your head.


Message History

The river rat is heavily wounded.
The river rat closely misses you.
The orc priest invokes the aid of Beogh against you.
Beogh smites you!
Ouch! That really hurt!
* * * LOW HITPOINT WARNING * * *
You focus on the pain.
You feel your power returning.
You take 13 damage, and have 10/26 hp.
MASSIVE DAMAGE!!
MP restored: 6 You closely miss the river rat.
The river rat is heavily wounded.
The river rat bites you.
* * * LOW HITPOINT WARNING * * *
The river rat bites you but does no damage.
You take 4 damage, and have 6/26 hp.
Okay, then.
It was a potion of brilliance.
You feel clever all of a sudden. The river rat closely misses you.
The river rat bites you!
You die...

█.█████
......█
█.....█
▲.....█
███.....█
█.......█
█...r...█
█..@ro█


█████o█ █...█ ██████.r█ █∩≈≈≈rro█ █≈≈roo.o█ █≈≈≈≈r█.██ █≈≈....<.█ █≈.......█ You
could see an orc priest, 2 river rats and an orc.

Vanquished Creatures
  An adder (D:2)
  A worm (D:2)
  3 dart slugs
  A leopard gecko (D:1)
  2 ball pythons (D:1)
  6 bats
  4 giant cockroaches (D:1)
  6 hobgoblins
  4 frilled lizards
  A goblin (D:2)
  5 kobolds
  7 rats
41 creatures vanquished.

Notes
Turn   | Place    | Note
-------+----------+-------------------------------------------
     0 | D:1      | Goblin1989 the Demonspawn Transmuter began the quest for the Orb.
     0 | D:1      | Reached XP level 1. HP: 15/15 MP: 3/3
   305 | D:1      | Reached skill level 3 in Unarmed Combat
   525 | D:1      | Gained mutation: You sometimes gain a little power by taking damage. [demonic ancestry]
   525 | D:1      | Reached XP level 2. HP: 21/21 MP: 5/5
  1481 | D:2      | Gained mutation: You are partially covered in slimy green scales. (AC +2) [demonic ancestry]
  1481 | D:2      | Reached XP level 3. HP: 26/26 MP: 6/6
  1495 | D:2      | Found a shattered altar of Ashenzari.
  1550 | D:2      | Reached skill level 4 in Unarmed Combat
  1822 | D:2      | Noticed Sigmund
  1835 | D:3      | Found a glowing drain.
  1856 | D:3      | Slain by a river rat

Vault maps used:
D:1:      shiori_arrival_elements, hex_large, st_stairs_11,
          minmay_misc_feat_rows, serial_park_tiny_1, hangedman_decor_riveting,
          grunt_decor_cap
D:2:      first_bread, grunt_ashenzari_visionary, uniq_sigmund
D:3:      portal_sewer_entry_b

Skill      XL: |  1  2  3 |
---------------+----------+-----
Unarmed Combat | 3 4 |  4.3
Fighting       | |  1.0
Dodging        | |  1.7
Spellcasting   | |  2.0
Transmutations | |  1.7

Action                   || total
-------------------------++-------
Melee: Unarmed           ||   179
       Kick              ||     2
       Punch             ||     2
       Headbutt          ||     1
 Cast: Beastly Appendage ||     2
  Use: Potion            ||     2
 Stab: Sleeping          ||     2
  Eat: Chunk             ||     3
Armor: Robe              ||    61
Dodge: Dodged            ||   166

Vault maps used:
D:1:      shiori_arrival_elements, hex_large, st_stairs_11,
          minmay_misc_feat_rows, serial_park_tiny_1, hangedman_decor_riveting,
          grunt_decor_cap
D:2:      first_bread, grunt_ashenzari_visionary, uniq_sigmund
D:3:      portal_sewer_entry_b
